 Dungeon Crawl Stone Soup version 0.22.1-2-g9c5b331383 (webtiles) character file.

28994 Jerry the Carver (level 13, -3/90 HPs)
             Began as a Halfling Fighter on Nov 29, 2018.
             Was a High Priest of the Shining One.
             Killed from afar by a catoblepas (7 damage)
             ... with a blast of calcifying dust
             ... on level 6 of the Lair of Beasts on Nov 30, 2018.
             The game lasted 00:43:21 (15849 turns).

Jerry the Carver (Halfling Fighter)                Turns: 15849, Time: 00:43:22

Health: -3/90      AC:  9    Str: 21    XL:     13   Next: 77%
Magic:  19/19      EV: 28    Int:  6    God:    the Shining One [*****.]
Gold:   1180       SH: 13    Dex: 20    Spells: 12/12 levels left

rFire    . . .     SeeInvis .   a - +5 long sword (flame)
rCold    . . .     Gourm    .   U - +0 buckler
rNeg     + + .     Faith    .   w - +2 troll leather armour {Snorg}
rPois    +         Spirit   .   (no helmet)
rElec    .         Reflect  +   s - scarf {cloud immunity}
rCorr    .         Harm     .   K - +0 pair of gloves (curse)
MR       .....     Rnd*Rage +   (no boots)
Stlth    ++........             y - +6 amulet of reflection
HPRegen  0.65/turn              C - ring of stealth
MPRegen  0.16/turn              m - ring of poison resistance

@: agile, glowing
A: small, berserk 1, mutation resistance 1
a: Divine Shield, Cleansing Flame, Summon Divine Warrior, Renounce Religion


You were on level 6 of the Lair of Beasts.
You worshipped the Shining One.
The Shining One was extremely pleased with you.
You were not hungry.

You visited 2 branches of the dungeon, and saw 17 of its levels.
You also visited: Ossuary.

You collected 1180 gold pieces.

Inventory:

Hand Weapons
 a - a +5 long sword of flaming (weapon)
Armour
 s - a scarf of cloud immunity (worn)
 w - a +2 troll leather armour (worn) {Snorg}
 K - a cursed +0 pair of gloves (worn)
 R - the +1 ring mail of the Unbroken {rElec Stlth+}
   (You found it on level 3 of the Lair of Beasts)

   It insulates you from electricity.
   It makes you more stealthy.
 U - a +0 buckler (worn)
Jewellery
 m - a ring of poison resistance (right hand)
 p - an uncursed ring of flight
 u - an uncursed ring of ice
 x - a +2 ring of intelligence {unknown}
 y - a +6 amulet of reflection (around neck)
 C - a ring of stealth (left hand)
 Q - an uncursed amulet of regeneration
Wands
 d - a wand of digging (15)
 z - a wand of acid (7)
 B - a wand of iceblast (22)
 H - a wand of paralysis (21)
 L - a wand of disintegration (35)
 S - a wand of flame (39)
 T - a wand of polymorph (11)
Scrolls
 c - 7 scrolls of teleportation
 e - 2 scrolls of identify
 h - 2 scrolls of magic mapping
 j - 4 scrolls of fog
 k - a scroll of fear
 n - 3 scrolls of immolation
 r - 8 scrolls of remove curse
 t - 2 scrolls of blinking
 F - a scroll of amnesia
 G - 2 scrolls of vulnerability
 N - 2 scrolls of enchant armour
Potions
 g - a potion of magic
 i - 3 potions of invisibility
 l - a potion of agility
 o - a potion of flight {unknown}
 q - 4 potions of lignification
 v - a potion of heal wounds
 A - 9 potions of curing
 D - a potion of ambrosia
 E - 4 potions of brilliance
 I - a potion of might
 M - a potion of cancellation
 P - a potion of resistance {unknown}
Comestibles
 b - 4 chunks of flesh
 f - 43 rations


   Skills:
 + Level 9.1 Fighting
 * Level 13.1 Long Blades
 + Level 10.7 Armour
 + Level 10.2 Dodging
 - Level 4.0 Shields
 + Level 9.1 Invocations


You had 12 spell levels left.
You didn't know any spells.
Your spell library contained the following spells:

 Spells                   Type           Power        Failure   Level  Hunger
 Flame Tongue             Conj/Fire      #....        54%         1    ##.....
 Freeze                   Ice            #...         54%         1    ##.....
 Throw Flame              Conj/Fire      #.....       69%         2    ###....
 Throw Frost              Conj/Ice       #.....       69%         2    ###....
 Conjure Flame            Conj/Fire      #.......     89%         3    ####...
 Inner Flame              Hex/Fire       #.......     89%         3    ####...
 Ozocubu's Armour         Chrm/Ice       #.......     89%         3    ####...
 Sticky Flame             Conj/Fire      #.......     100%        4    #####..
 Summon Ice Beast         Ice/Summ       #.......     100%        4    #####..
 Throw Icicle             Conj/Ice       #.......     100%        4    #####..
 Bolt of Magma            Conj/Fire/Erth #.........   100%        5    ######.
 Fireball                 Conj/Fire      #.........   100%        5    ######.
 Iskenderun's Battlesphe  Conj/Chrm      #.......     100%        5    ######.
 Venom Bolt               Conj/Pois      #.........   100%        5    ######.
 Iron Shot                Conj/Erth      #.........   100%        6    #######
 Orb of Destruction       Conj           #.........   100%        7    #######
 Spellforged Servitor     Conj/Summ      #.........   100%        7    #######


Dungeon Overview and Level Annotations

Branches:
Dungeon (11/15)            Temple (0/1) D:7            Lair (6/6) D:11
  Swamp (0/4) Lair:2       Spider (0/4) Lair:3        Slime (0/5) Lair:5
    Orc (0/2) D:10

Altars:
Cheibriados
Fedhas
Gozag
Kikubaaqudgha
Nemelex Xobeh
Vehumet
Wu Jian
The Shining One
Jiyva

Shops:
D:6 (

Annotations:
Lair:4 exclusion: oklob plant
Lair:5 1 runed door, Geinyojo's ghost, journeyman MiBe


Innate Abilities, Weirdness & Mutations

You are small and have problems with some larger weapons.
You are somewhat resistant to further mutation.
You tend to lose your temper in combat.


Message History

You block the catoblepas's attack.
You slash the catoblepas! You burn the catoblepas.
The catoblepas is lightly wounded.
The catoblepas closely misses you.
You hit the catoblepas. You burn the catoblepas.
The catoblepas is moderately wounded.
You hit the catoblepas. You burn the catoblepas.
The catoblepas is moderately wounded.
The catoblepas gores you!!
* * * LOW HITPOINT WARNING * * *
You hit the catoblepas. You burn the catoblepas.
The catoblepas is moderately wounded.
The catoblepas closely misses you.
You feel agile all of a sudden.
The catoblepas breathes a plume of calcifying dust at you.
The blast of calcifying dust hits you!
* * * LOW HITPOINT WARNING * * *
The catoblepas breathes a plume of calcifying dust at you.
The blast of calcifying dust hits you!
You die...

.# #..
.# ..
.# .##
.# .#
##.##
###§..#
##..§.#
#$.@Y##
#[:$$.#
###$###
##


You could see a catoblepas.

Vanquished Creatures
  Snorg (D:10)
  3 hydras
  A catoblepas (Lair:6)
  3 two-headed ogres
  4 death yaks
  An ugly thing (D:10)
  A cyclops (D:6)
  A manticore (Lair:6)
  4 elephants (Lair:4)
  3 black mambas
  A centaur zombie (D:10)
  2 rime drakes (Lair:4)
  4 spiny frogs
  6 komodo dragons
  A jumping spider (Lair:3)
  A troll (D:11)
  2 hornets
  5 hippogriffs
  8 blink frogs
  A human (D:8)
  A water elemental (D:10)
  2 wyverns
  10 yaks
  4 hogs (D:8)
  3 basilisks
  A steam dragon (Lair:2)
  4 insubstantial wisps (Lair:2)
  An acid dragon (D:11)
  3 black bears
  7 porcupines
  9 water moccasins
  An ice beast (D:8)
  4 orc warriors
  3 centaurs
  An ogre (D:8)
  3 necrophages (D:9)
  3 wolves (Lair:3)
  6 crocodiles
  9 bullfrogs
  2 elf zombies (Ossuary)
  8 scorpions
  A killer bee (D:10)
  4 wights (D:10)
  3 electric eels (D:11)
  2 howler monkeys
  2 bullfrog zombies
  A crimson imp (D:11)
  A centaur skeleton (D:5)
  10 hounds
  2 jellies
  A bullfrog skeleton (D:5)
  A human zombie (Ossuary)
  5 orc priests
  7 orc wizards
  An iguana (D:5)
  3 worker ants
  A killer bee zombie (D:11)
  2 big kobold zombies (Ossuary)
  2 hound skeletons
  2 mummies (Ossuary)
  A howler monkey zombie (D:9)
  A worker ant zombie (D:8)
  12 adders
  3 shadow imps
  3 oozes
  An adder skeleton (D:4)
  5 adder zombies
  3 worms
  8 leopard geckos
  29 orcs
  4 giant cockroaches
  4 goblins
  9 hobgoblins
  9 jackals
  4 kobolds
  4 quokkas
  A ball python (D:1)
  A ball python skeleton (D:5)
  4 bats
  2 frilled lizards
  2 goblin zombies (Ossuary)
  14 hobgoblin zombies (Ossuary)
  A jackal skeleton (D:8)
  8 kobold zombies (Ossuary)
  4 orc zombies (Ossuary)
  A quokka skeleton (D:6)
  2 quokka zombies
  7 rats
  3 rat zombies (Ossuary)
  A bush (D:9)
340 creatures vanquished.

Vanquished Creatures (collateral kills)
  A death yak (Lair:5)
  Sonja (Lair:6)
  A jelly (Lair:5)
3 creatures vanquished.

Vanquished Creatures (others)
  2 fungi (Lair:2)
  6 plants
8 creatures vanquished.

Grand Total: 351 creatures vanquished

Notes
Turn   | Place    | Note
-------+----------+-------------------------------------------
     0 | D:1      | Jerry the Halfling Fighter began the quest for the Orb.
     0 | D:1      | Reached XP level 1. HP: 15/15 MP: 1/1
   107 | D:1      | Reached XP level 2. HP: 16/20 MP: 2/2
   645 | D:2      | Reached XP level 3. HP: 25/25 MP: 3/3
   649 | D:2      | Reached skill level 1 in Dodging
   821 | D:2      | Reached XP level 4. HP: 18/31 MP: 4/4
  1013 | D:2      | Found a glowing golden altar of the Shining One.
  1024 | D:2      | Became a worshipper of the Shining One
  1113 | D:2      | Reached skill level 3 in Long Blades
  1734 | D:3      | Found an opulent altar of Gozag.
  1785 | D:3      | Found a faded altar of an unknown god.
  1810 | D:3      | Reached XP level 5. HP: 35/36 MP: 5/5
  2856 | D:4      | Reached skill level 4 in Long Blades
  2856 | D:4      | Reached XP level 6. HP: 24/42 MP: 6/6
  3397 | D:5      | Entered Level 5 of the Dungeon
  3423 | D:4      | Reached XP level 7. HP: 19/47 MP: 7/7
  3874 | D:5      | Found a snail-covered altar of Cheibriados.
  3874 | D:5      | Found a sparkling altar of Nemelex Xobeh.
  3875 | D:5      | Found a radiant altar of Vehumet.
  3929 | D:5      | Reached * piety under the Shining One
  3937 | D:5      | Reached skill level 5 in Long Blades
  4091 | D:5      | Noticed a water moccasin
  4103 | D:5      | Killed a water moccasin
  4103 | D:5      | Reached skill level 5 in Armour
  4382 | D:5      | Reached XP level 8. HP: 37/54 MP: 8/8
  4821 | D:6      | Found Nuuchezxer's Weapon Emporium.
  5133 | D:6      | Found an ancient bone altar of Kikubaaqudgha.
  5140 | D:6      | Reached skill level 6 in Long Blades
  5173 | D:6      | Noticed a cyclops
  5206 | D:7      | Found a staircase to the Ecumenical Temple.
  5763 | D:8      | Found a sand-covered staircase.
  5767 | Ossuary  | Entered an ossuary
  5777 | Ossuary  | Reached ** piety under the Shining One
  5833 | Ossuary  | Reached *** piety under the Shining One
  5976 | Ossuary  | Reached **** piety under the Shining One
  6134 | D:8      | Noticed a two-headed ogre
  6139 | D:8      | Killed a two-headed ogre
  6139 | D:8      | Reached skill level 5 in Fighting
  6139 | D:8      | Reached skill level 7 in Long Blades
  6139 | D:8      | Reached skill level 5 in Dodging
  6139 | D:8      | Reached XP level 9. HP: 16/61 MP: 8/10
  6772 | D:8      | Reached skill level 8 in Long Blades
  6927 | D:8      | Reached XP level 10. HP: 57/68 MP: 12/12
  7393 | D:9      | Found an ornate altar of the Wu Jian Council.
  7523 | D:9      | Found a blossoming altar of Fedhas.
  7653 | D:9      | Reached skill level 9 in Long Blades
  7963 | D:10     | Entered Level 10 of the Dungeon
  7989 | D:10     | Noticed a two-headed ogre
  7994 | D:10     | Noticed a two-headed ogre
  8225 | D:10     | Noticed a red ugly thing
  8359 | D:10     | Noticed Snorg
  8391 | D:10     | Killed Snorg
  8564 | D:10     | Killed a two-headed ogre
  8564 | D:10     | Reached skill level 5 in Invocations
  8564 | D:10     | Reached XP level 11. HP: 74/74 MP: 14/14
  8568 | D:10     | Found a staircase to the Orcish Mines.
  8602 | D:10     | Killed a two-headed ogre
  8602 | D:10     | Reached skill level 10 in Long Blades
  8721 | D:10     | Killed a red ugly thing
  9185 | D:11     | Found a staircase to the Lair.
  9185 | D:11     | Reached ***** piety under the Shining One
  9652 | D:6      | You fall through a shaft for 3 floors!
  9790 | D:6      | Killed a cyclops
 11146 | Lair:1   | Entered Level 1 of the Lair of Beasts
 11352 | Lair:1   | Reached skill level 11 in Long Blades
 11413 | Lair:1   | Reached XP level 12. HP: 81/81 MP: 16/16
 11567 | Lair:1   | You fall through a shaft!
 12162 | Lair:2   | Found a staircase to the Swamp.
 13050 | Lair:3   | Noticed an eight-headed hydra
 13060 | Lair:3   | Killed a two-headed hydra
 13590 | Lair:3   | Found a hole to the Spider Nest.
 13605 | Lair:3   | Noticed a six-headed hydra
 13623 | Lair:3   | Killed a one-headed hydra
 13623 | Lair:3   | Reached skill level 12 in Long Blades
 13798 | Lair:3   | Got a translucent ring mail
 13799 | Lair:3   | Identified the +1 ring mail of the Unbroken {rElec Stlth+}
                  | (You found it on level 3 of the Lair of Beasts)
 14067 | Lair:4   | Reached skill level 10 in Armour
 14191 | Lair:4   | Reached XP level 13. HP: 79/89 MP: 19/19
 14799 | Lair:4   | Gained mutation: Your magical capacity is low. (-10% MP)
                  | [potion of mutation]
 14876 | Lair:5   | Found a runed door.
 14936 | Lair:5   | Lost mutation: Your magical capacity is low. (-10% MP)
                  | [potion of mutation]
 14936 | Lair:5   | Gained mutation: You are agile. (Dex +2) [potion of
                  | mutation]
 14937 | Lair:5   | Lost mutation: You are agile. (Dex +2) [potion of mutation]
 14937 | Lair:5   | Gained mutation: You tend to lose your temper in combat.
                  | [potion of mutation]
 15106 | Lair:5   | Noticed a seven-headed hydra
 15116 | Lair:5   | Killed a one-headed hydra
 15186 | Lair:5   | Noticed Geinyojo's ghost (journeyman MiBe)
 15310 | Lair:5   | Reached skill level 10 in Dodging
 15338 | Lair:5   | Reached skill level 13 in Long Blades
 15450 | Lair:5   | Found a runed door.
 15450 | Lair:5   | Found a viscous altar of Jiyva.
 15450 | Lair:5   | Found a staircase to the Slime Pits.
 15598 | Lair:6   | Entered Level 6 of the Lair of Beasts
 15667 | Lair:6   | Noticed Sonja
 15676 | Lair:6   | Killed Sonja
 15796 | Lair:6   | Noticed a catoblepas
 15812 | Lair:6   | Killed a catoblepas
 15841 | Lair:6   | Noticed a catoblepas
 15848 | Lair:6   | HP: 3/90 [catoblepas/blast of calcifying dust (9)]
 15849 | Lair:6   | Killed from afar by a catoblepas

Skill      XL: |  1  2  3  4  5  6  7  8  9 10 11 12 13 |
---------------+----------------------------------------+-----
Dodging        | 1 2 3 5 6 7 8 9 10 | 10.2
Fighting       | 3 4 5 6 7 8 9 |  9.1
Long Blades    | 3 4 5 7 8 9 11 12 13 | 13.1
Armour         | 4 5 6 8 9 10 | 10.7
Invocations    | 2 3 5 6 8 9 |  9.1
Shields        | 4 |  4.0

Action                   |  1- 3 |  4- 6 |  7- 9 | 10-12 | 13-15 || total
-------------------------+-------+-------+-------+-------+-------++-------
Melee: Long sword        |    72 |   146 |   304 |   497 |   231 ||  1250
Invok: Summon Divine War |       |       |       |       |     2 ||     2
       Divine Shield     |       |       |       |       |     1 ||     1
       Cleansing Flame   |       |       |       |       |     1 ||     1
Evoke: Wand              |       |       |       |     3 |       ||     3
  Use: Scroll            |       |     4 |    17 |    12 |     9 ||    42
       Potion            |       |       |     2 |     5 |     7 ||    14
  Eat: Chunk             |       |     8 |     9 |    23 |     6 ||    46
       Ration            |       |       |     1 |       |       ||     1
Armor: Scale mail        |    36 |    59 |    44 |    16 |       ||   155
       Troll leather arm |       |       |       |    58 |    26 ||    84
Dodge: Dodged            |    62 |   132 |   155 |   328 |   125 ||   802
Block: Other             |       |     3 |    68 |   101 |     2 ||   174
       Reflection        |       |       |       |     3 |     6 ||     9
       Buckler           |       |       |       |       |   134 ||   134
       Rpst.: Long sword |    17 |    37 |    48 |    91 |    30 ||   223
